 Dungeon Crawl Stone Soup version 0.27-a0-1105-g946c659c87 (webtiles) character file.

Game seed: 12571053273638812849

16 kae the Skirmisher (level 2, -2/24 HPs)
             Began as a Demonspawn Abyssal Knight on Apr 29, 2021.
             Was a Follower of Lugonu.
             Slain by a gnoll
             ... wielding a +0 spear
              (6 damage)
             ... on level 1 of the Dungeon.
             The game lasted 00:00:43 (929 turns).

kae the Skirmisher (Demonspawn Abyssal Knight)       Turns: 929, Time: 00:00:44

Health: -2/24      AC:  3    Str: 12    XL:     2   Next: 41%
Magic:  4/4        EV: 11    Int: 13    God:    Lugonu [*.....]
Gold:   20         SH:  0    Dex: 12    Spells: 1/1 levels left

rFire    . . .     SeeInvis .   a - +1 falchion
rCold    . . .     Faith    .   (no shield)
rNeg     . . .     Spirit   .   b - +0 leather armour
rPois    .         Reflect  .   (no helmet)
rElec    .         Harm     .   (no cloak)
rCorr    .         Rampage  .   (no gloves)
Will     .....                  (no boots)
Stlth    +.........             (no amulet)
HPRegen  0.08/turn              (no ring)
MPRegen  0.09/turn              (no ring)

@: brilliant
A: foul stench 1
a: Renounce Religion, Depart the Abyss


You were on level 1 of the Dungeon.
You worshipped Lugonu.
Lugonu was aware of your devotion.
You visited 1 branch of the dungeon, and saw 1 of its levels.
You visited the Abyss 1 time.

You collected 20 gold pieces.

Inventory:

Hand Weapons
 a - a +1 falchion (weapon)
Armour
 b - a +0 leather armour (worn)
 g - a +1 pair of boots of flying
Jewellery
 f - a +6 ring of dexterity
Scrolls
 e - a scroll of teleportation {unknown}
Potions
 d - a potion of might


   Skills:
 + Level 3.1 Fighting
 * Level 2.2 Long Blades
 + Level 2.0 Armour
 - Level 0.8 Dodging
 + Level 2.8 Invocations


You had one spell level left.
You didn't know any spells.
Your spell library was empty.

Dungeon Overview and Level Annotations

Branches:
Dungeon (1/15)

Altars:


Innate Abilities, Weirdness & Mutations

You may rarely emit foul miasma when damaged in melee.


Message History

You start resting.
A gnoll comes into view. It is wielding a +0 spear.
A gnoll is nearby!
You are too injured to fight recklessly!
You are too injured to fight recklessly!
You start resting.
A gnoll is nearby!
You start resting.
A gnoll is nearby!
The gnoll shouts!
The gnoll throws a stone.
The stone hits you but does no damage.
Items here: $ ( ))) ÷÷ †.
You see here a +1 pair of boots of flying.
g - a +1 pair of boots of flying The gnoll throws a stone.
The stone barely misses you.
Found 8 gold pieces.
You start resting.
A gnoll is nearby!
The gnoll drinks a potion.
The gnoll seems to grow stronger.
You closely miss the gnoll. The gnoll closely misses you.
You riposte.
You hit the gnoll but do no damage. You hit the gnoll.
The gnoll is moderately wounded.
The gnoll hits you with a +0 spear. x2
You are too injured to fight recklessly!
You are too injured to fight recklessly!
You hit the gnoll.
The gnoll is heavily wounded.
The gnoll hits you with a +0 spear!
* * * LOW HITPOINT WARNING * * *
You are too injured to fight recklessly!
You are too injured to fight recklessly!
You hit the gnoll but do no damage.
The gnoll is heavily wounded.
The gnoll closely misses you.
You riposte.
You hit the gnoll but do no damage.
The gnoll is heavily wounded.
It was a potion of brilliance.
You feel clever all of a sudden. The gnoll hits you with a +0 spear.
You die...

..................
......##.......... ...
...#.###.#........ ...#
.................. ..#
.....###.####...####..
## .....#
#.....)##....##..#
.....###.....#........#
.....g...g..#.#......#
g....####...#..#@...#
.....#
#..#)..g#..#....#
...g.#
#..#.....##.....#
.....# #..#....$#
$....# .....#
#..#....#..#....#
.....#
#...#..#....#..#. .....
.##!#.#......#.# # .
...#........#. # ###...
##....##.


You could see a gnoll (strong).

Vanquished Creatures
  2 bats (D:1)
  2 endoplasms (D:1)
  A goblin (D:1)
  4 hobgoblins (D:1)
  A jackal (D:1)
  2 kobolds (D:1)
  2 rats (D:1)
14 creatures vanquished.

Notes
Turn   | Place    | Note
-------+----------+-------------------------------------------
     0 | Abyss:1  | kae the Demonspawn Abyssal Knight began the quest for the
                  | Orb.
     0 | Abyss:1  | Reached XP level 1. HP: 18/18 MP: 2/2
    57 | Abyss:1  | Noticed a large abomination
    72 | Abyss:1  | Noticed a chaos spawn
    75 | D:1      | Escaped the Abyss
   572 | D:1      | Reached * piety under Lugonu
   670 | D:1      | Gained mutation: You may rarely emit foul miasma when
                  | damaged in melee. [demonic ancestry]
   670 | D:1      | Reached XP level 2. HP: 23/24 MP: 4/4
   929 | D:1      | Slain by a gnoll

Illustrated notes

Levels and vault maps discovered:
D:1:      wander_arrival_desolate, layout_rooms, minmay_circled_x

Skill      XL: |  1  2 |
---------------+-------+-----
Long Blades    | 2 |  2.2
Armour         | 2 |  2.0
Fighting       | |  3.1
Dodging        | |  0.8
Invocations    | |  2.8

Action                   || total
-------------------------++-------
Melee: Falchion          ||    48
Invok: Depart the Abyss  ||     1
  Use: Potion            ||     1
Armor: Leather armour    ||    11
Dodge: Dodged            ||    34
       Rpst.: Falchion   ||     6

Table legend: (Time is in decaauts)
 A = Elapsed time spent in this place.
 B = Non-inter-level travel time spent in this place.
 C = Inter-level travel time spent in this place.
 D = Time resting spent in this place.
 E = Time spent auto-exploring this place.
 F = Levels seen in this place.
 G = Mean time per level.
                   A        B        C        D        E       F      G
               +--------+--------+--------+--------+--------+-----+--------+
         Total |    941 |    941 |      0 |    381 |    412 |   2 |  470.5 |
       Dungeon |    866 |    866 |      0 |    381 |    355 |   1 |  866.0 |
         Abyss |     75 |     75 |      0 |      0 |     57 |   1 |   75.0 |
               +--------+--------+--------+--------+--------+-----+--------+

Top non-repeatable levels by time:
     D:1: 866 daAuts
 Abyss:1: 75 daAuts
